 Dungeon Crawl Stone Soup version 0.32-a0-768-g0f6f1dd4b9 (webtiles) character file.

Game seed: 9988143854587095103

84 ezpacito the Chopper (level 4, 0/35 HPs)
             Began as a Coglin Chaos Knight on Mar 18, 2024.
             Was a Plaything of Xom.
             Slain by an ogre
             ... wielding a +0 giant club
              (32 damage)
             ... on level 3 of the Dungeon.
             The game lasted 00:01:58 (2004 turns).

ezpacito the Chopper (Coglin Chaos Knight)          Turns: 2004, Time: 00:01:59

Health: 0/35       AC:  5    Str: 14    XL:     4   Next: 45%
Magic:  4/4        EV: 10    Int: 12    God:    Xom [..*...]
Gold:   118        SH:  0    Dex: 13    Spells: 1/4 levels left

rFire   . . .        a - +0 hand axe (chaos) {Sanghe}
rCold   . . .        d - +0 dagger {Thamphthis}
rNeg    . . .        b - +2 leather armour
rPois   .            (no helmet)
rElec   .            (no cloak)
rCorr   .            (no gloves)
SInv    .            (no boots)
Will    +....        (amulet unavailable)
Stlth   +            (ring unavailable)
HPRegen 0.25/turn    (ring unavailable)
MPRegen 0.09/turn    (no gizmo)

%: no passive effects
@: enlightened, flying (expiring), revving
A: off-hand wielding, slow wielding, warmup strikes, no jewellery
a: Invent Gizmo, Renounce Religion


You were on level 3 of the Dungeon.
You worshipped Xom.
You were a toy of Xom.
You visited 1 branch of the dungeon, and saw 3 of its levels.

You collected 118 gold pieces.

Inventory:

Hand Weapons
 a - a +0 hand axe of chaos (weapon) {Sanghe}
 d - a +0 dagger (offhand) {Thamphthis}
Missiles
 k - 6 atropa-tipped darts (quivered)
Armour
 b - a +2 leather armour (worn)
 l - a scarf of shadows
Scrolls
 e - a scroll of revelation
 g - 2 scrolls of identify {unknown}
 i - a scroll of teleportation {unknown}
 j - a scroll of enchant weapon {unknown}
 o - a scroll of amnesia {unknown}
 p - a scroll of silence {unknown}
 q - a scroll of summoning {unknown}
Potions
 f - a potion of cancellation
 h - a potion of enlightenment
 m - a potion of curing {unknown}
 n - a potion of degeneration {unknown}


   Skills:
 * Level 3.3 Fighting
 * Level 3.5(3.6) Axes
 + Level 1.0(2.2) Polearms
 * Level 2.3 Armour
 * Level 1.5 Dodging
 + Level 0.8 Stealth
 + Level 0.5 Spellcasting


You had one spell level left.
You knew the following spells:

 Your Spells              Type           Power      Damage    Failure   Level
a - Jinxbite              Hex            0%         N/A       52%         2
g - Apportation           Tloc           0%         N/A       36%         1

Your spell library contained the following spells:

 Spells                   Type           Power      Damage    Failure   Level
 Alistair's Intoxication  Alch           0%         N/A       100%        5


Dungeon Overview and Level Annotations

Branches:
Dungeon (3/15)

Altars:


Innate Abilities, Weirdness & Mutations

You can wield a second weapon in your off-hand.
It takes a long time for you to wield or remove held weapons.
Your first few attacks do less damage.
You cannot equip rings or amulets.


Message History

g - Guard the area. f - Follow me.
Anything else - Cancel.
Gang up on whom?
Press: ? - help, Dir - move target, f - adder, p - ogre
Aim: an adder (lightly wounded, ally target) Attack!
The adder bites your iron imp but does no damage.
Your iron imp hits the adder.
The ogre closely misses your butterfly. The adder closely misses your iron imp.
Your iron imp closely misses the adder.
The adder bites your iron imp.
The adder bites your iron imp but does no damage.
The ogre completely misses your butterfly.
Your iron imp closely misses the adder.
The adder bites your iron imp.
Your iron imp is poisoned.
The adder poisons your iron imp!
The ogre completely misses your butterfly.
Your iron imp barely misses the adder.
The adder bites your iron imp.
The adder bites your iron imp but does no damage.
Your butterfly disappears in a burst of colours!
Your iron imp misses the adder.
The adder bites your iron imp but does no damage.
Something bites your iron imp but does no damage.
You swap places.
The adder bites you.
You take 3 damage, and have 31/35 hp.
You hit the adder with your +0 hand axe of chaos.
You freeze the adder.
You kill the adder!
Your iron imp dies!
Your iron imp disappears in a puff of smoke!
Your base Polearms skill increases to level 1!
You slash the ogre with your +0 hand axe of chaos!
The ogre seems to grow stronger.
The ogre is heavily wounded.
You hit the ogre with your +0 dagger.
You are starting to lose your buoyancy.
The ogre hits you with a +0 giant club!!
Ouch! That really hurt!
You die...
Xom cackles wildly!

***********##############..bbbb..
,,,,*,,,,,*############....b...b.
,,,,,,,,,,,############.#....b...
**,,,,....,.##########..#..bbb...
,**,,.......##########.##..bb....
ß,*,,.......#########..##..b?....
*,*,,.......####.†....###b.......
*,*,,.......####O########b.......
*,*,,.......####@########b#.....,
*,*,*............######bb.*****,,
*,****#........########b##***,,,*
ß,* ##.....#.######.b.##**,,***
,** *###.....#..#####b####*,,***,
*****........##.†.##..####*,***,,
**,,.###....†<##....#* *,***,*
*,,*** ##..##.......######.**,,*
*,** #...[######........**,**


You could see an ogre (strong).

Vanquished Creatures
  A gnoll (D:2)
  4 adders
  3 dart slugs
  2 ribbon worms
  An orc (D:2)
  An endoplasm (D:2)
  3 giant cockroaches
  A goblin (D:1)
  A hobgoblin (D:2)
  3 quokkas
  2 ball pythons (D:2)
  A bat (D:2)
  2 frilled lizards (D:2)
  2 kobolds (D:2)
  4 rats
31 creatures vanquished.

Notes
Turn   | Place    | Note
-------+----------+-------------------------------------------
     0 | D:1      | ezpacito the Coglin Chaos Knight began the quest for the
                  | Orb.
     0 | D:1      | Reached XP level 1. HP: 18/18 MP: 1/1
   106 | D:1      | XOM: silly message
   354 | D:1      | XOM: noise
   360 | D:1      | Reached skill level 1 in Dodging
   756 | D:1      | XOM: silly message
   839 | D:2      | Reached XP level 2. HP: 24/24 MP: 2/2
   963 | D:2      | XOM: 8-stop teleportation journey
  1140 | D:2      | XOM: polymorph goblin -> gnoll
  1149 | D:2      | Reached XP level 3. HP: 27/29 MP: 3/3
  1606 | D:2      | Reached XP level 4. HP: 34/35 MP: 4/4
  1671 | D:2      | Learned a level 1 spell: Apportation
  1674 | D:2      | Learned a level 2 spell: Jinxbite
  1961 | D:3      | Noticed an ogre
  1984 | D:3      | XOM: enchant monster (good)
  1987 | D:3      | XOM: summons friendly iron imp
  2003 | D:3      | Reached skill level 1 in Polearms
  2004 | D:3      | Slain by an ogre

Illustrated notes

Levels and vault maps discovered:
D:1:      lemuel_arrival_muddy, layout_basic, minmay_statues_item
D:2:      layout_basic, minmay_tiny_reverse_x
D:3:      layout_rooms, grunt_ministairs_11, minmay_ogre_servants

Skill      XL: |  1  2  3  4 |
---------------+-------------+-----
Dodging        | 1 |  1.5
Armour         | 2 |  2.3
Polearms       | 1 |  1.0
Fighting       | |  3.3
Axes           | |  3.5
Stealth        | |  0.8
Spellcasting   | |  0.5

Action                     |  1- 3 |  4- 6 || total
---------------------------+-------+-------++-------
  Melee: Dagger            |    44 |    30 ||    74
         Hand axe          |    47 |    30 ||    77
    Use: Potion            |       |     3 ||     3
         Scroll            |       |     2 ||     2
   Stab: Sleeping          |       |     1 ||     1
 Armour: Leather armour    |    33 |    27 ||    60
  Dodge: Dodged            |    30 |    15 ||    45

Table legend: (Time is in decaauts)
 A = Elapsed time spent in this place.
 B = Non-inter-level travel time spent in this place.
 C = Inter-level travel time spent in this place.
 D = Time resting spent in this place.
 E = Time spent auto-exploring this place.
 F = Levels seen in this place.
 G = Mean time per level.
                   A        B        C        D        E       F      G
               +--------+--------+--------+--------+--------+-----+--------+
         Total |   2014 |   1851 |    163 |      2 |   1603 |   3 |  671.3 |
       Dungeon |   2014 |   1851 |    163 |      2 |   1603 |   3 |  671.3 |
               +--------+--------+--------+--------+--------+-----+--------+

Top non-repeatable levels by time:
     D:1: 914 daAuts
     D:2: 873 daAuts
     D:3: 226 daAuts
